 Dungeon Crawl Stone Soup version 0.25.0-26-g0c896c7088 (webtiles) character file.

Game seed: 3975801824539256561

100 protoss039 the Magician (level 4, 0/24 HPs)
             Began as a Deep Elf Air Elementalist on July 3, 2020.
             Slain by Grinder (1 damage)
             ... on level 3 of the Dungeon.
             The game lasted 00:06:24 (2918 turns).

protoss039 the Magician (Deep Elf Air Elementalist) Turns: 2918, Time: 00:06:24

Health: 0/24       AC:  2    Str:  5    XL:     4   Next: 46%
Magic:  3/4        EV: 13    Int: 21    God:
Gold:   229        SH:  0    Dex: 15    Spells: 6/12 levels left

rFire    . . .     SeeInvis .   t - +2 spear (antimagic)
rCold    . . .     Gourm    .   (no shield)
rNeg     . . .     Faith    .   a - +0 robe
rPois    .         Spirit   .   (no helmet)
rElec    .         Reflect  .   (no cloak)
rCorr    .         Harm     .   (no gloves)
MR       .....                  (no boots)
Stlth    ++........             (no amulet)
HPRegen  0.08/turn              (no ring)
MPRegen  0.09/turn              (no ring)

@: flying
A: no striking features
a: no special abilities


You were on level 3 of the Dungeon.
You were not hungry.

You visited 1 branch of the dungeon, and saw 3 of its levels.

You collected 229 gold pieces.

Inventory:

Hand Weapons
 f - a +0 dagger
 t - a +2 antimagic spear (weapon)
Missiles
 h - 56 stones (quivered)
Armour
 a - a +0 robe (worn)
Jewellery
 n - an uncursed ring of positive energy {unknown}
Scrolls
 b - a scroll of enchant armour {unknown}
 e - 2 scrolls of magic mapping {unknown}
 j - 2 scrolls of amnesia {unknown}
 l - a scroll of remove curse {unknown}
 m - a scroll of random uselessness {unknown}
 q - 2 scrolls of blinking {unknown}
 s - a scroll of fear {unknown}
Potions
 d - a potion of magic {unknown}
 g - a potion of resistance {unknown}
 i - a potion of degeneration {unknown}
 k - a potion of brilliance {unknown}
 o - a potion of mutation {unknown}
 p - a potion of berserk rage {unknown}
 r - a potion of flight
Comestibles
 c - 4 rations


   Skills:
 - Level 2.4 Dodging
 - Level 2.4 Stealth
 + Level 4.5 Spellcasting
 + Level 2.3 Conjurations
 + Level 4.1 Air Magic


You had 6 spell levels left.
You knew the following spells:

 Your Spells              Type           Power        Failure   Level  Hunger
a - Shock                 Conj/Air       ###.         3%          1    None
b - Swiftness             Chrm/Air       ##......     8%          2    #......
c - Static Discharge      Conj/Air       ###.....     9%          3    ##.....

Your spell library contained the following spells:

 Spells                   Type           Power        Failure   Level  Hunger
 Airstrike                Air            ###.......   21%         4    ####...
 Lightning Bolt           Conj/Air       ###.......   63%         5    ######.


Dungeon Overview and Level Annotations

Branches:
Dungeon (3/15)

Altars:

Annotations:
D:3 Grinder


Message History

Unknown command.
It was a potion of flight.
You feel very buoyant.
You fly up into the air.
Grinder hits you but does no damage.
Unknown command.
Unknown command.
You are too injured to fight recklessly!
Unknown command.
Unknown command.
Casting: Shock (safe; 3% risk of failure)
Confirm with . or Enter, or press ? or * to list all spells.
Aiming: Shock (safe; 3% risk of failure)
Press: ? - help, Shift-Dir - straight line, f/p - Grinder
Aim: Grinder The zap hits Grinder.
Grinder is lightly wounded.
Grinder hits you.
* * * LOW HITPOINT WARNING * * *
You writhe in agony.
You die...

#.###.# ########.# #.#
#.....##.# #.# #####
#.....##.# #.# #...# ##
#.....##.# #.# ###.#.######.
#.....'..# #.# #...#.....##.
#.....#### #.# #.#######.##.
####'#...# #.###
#......##.##. #.#...#
#.@.###.#.##.#.....
..#...#####5#...#.##.######
####.....###.#.###.##.......
...........#.#.........#####
...............÷.............
###....##.....#.##...†....#..
#.#####..#.#####........#.#
#. #..#.....+.....#.##.. #
#..#..####...........


You could see Grinder.

Vanquished Creatures
  4 adders (D:3)
  An ooze (D:2)
  3 worms (D:2)
  2 dart slugs
  A leopard gecko (D:2)
  2 giant cockroaches
  7 goblins
  3 hobgoblins
  3 jackals (D:2)
  A ball python (D:1)
  8 bats
  6 frilled lizards
  3 kobolds
  8 rats
  A fungus (D:2)
53 creatures vanquished.

Vanquished Creatures (others)
  3 toadstools (D:2)
3 creatures vanquished.

Grand Total: 56 creatures vanquished

Notes
Turn   | Place    | Note
-------+----------+-------------------------------------------
     0 | D:1      | protoss039 the Deep Elf Air Elementalist began the quest
                  | for the Orb.
     0 | D:1      | Reached XP level 1. HP: 10/10 MP: 6/6
   211 | D:1      | Reached XP level 2. HP: 15/15 MP: 4/8
   528 | D:1      | Learned a level 2 spell: Swiftness
  1037 | D:2      | Reached XP level 3. HP: 19/19 MP: 1/10
  2100 | D:3      | Reached XP level 4. HP: 24/24 MP: 2/12
  2296 | D:3      | Noticed Grinder
  2319 | D:2      | Learned a level 3 spell: Static Discharge
  2912 | D:3      | Paralysed by Grinder for 5 turns
  2918 | D:3      | HP: 1/24 [Grinder (2)]
  2918 | D:3      | Slain by Grinder

Illustrated notes

Levels and vault maps discovered:
D:1:      scummos_arrival_forest, layout_loops_cross, minmay_split_cup_small
D:2:      layout_rooms, minmay_gold_behind_fungi
D:3:      layout_basic, fedhas_altar_4, first_ration,
          minmay_misc_feat_secret_circle, uniq_grinder

Skill      XL: |  1  2  3 |
---------------+----------+-----
Spellcasting   | 4 |  4.5
Conjurations   | 2 |  2.3
Air Magic      | 4 |  4.1
Dodging        | |  2.4
Stealth        | |  2.4

Action                   |  1- 3 |  4- 6 || total
-------------------------+-------+-------++-------
Melee: Dagger            |    44 |       ||    44
       Spear             |       |     2 ||     2
 Cast: Shock             |    95 |    23 ||   118
       Swiftness         |       |     1 ||     1
       Static Discharge  |       |     1 ||     1
  Use: Potion            |       |     1 ||     1
  Eat: Chunk             |     3 |     3 ||     6
Armor: Robe              |     5 |     3 ||     8
Dodge: Dodged            |    31 |     4 ||    35
